[Event "CCT Airthings Masters Play-In 2023"]
[Site "Online"]
[Date "2023.02.03"]
[Round "2"]
[White "amintabatabaei"]
[Black "gmjlh"]
[Result "1/2-1/2"]
[ECO "D02"]
[WhiteElo "2649"]
[BlackElo "2508"]
[Annotator "TA"]
[PlyCount "321"]
[EventDate "2023.02.03"]
[EventType "swiss"]
[EventCountry "NET"]
[SourceTitle "playchess.com"]
[Source "ChessBase"]
[SourceQuality "1"]
[TimeControl "600+2"]

1. d4 Nf6 2. Nf3 d5 3. c3 e6 4. Bf4 Bd6 5. e3 Bxf4 6. exf4 O-O 7. Nbd2 b6 8. h4 c5 9. h5 Ba6 10. Bxa6 Nxa6 11. h6 g6 12. Qe2 c4 13. Ne5 Nc7 14. g4 Nce8 15. g5 Nd7 16. Ndf3 Nxe5 17. fxe5 b5 18. Qd2 a5 19. Ke2 Rb8 20. a3 Qe7 21. Nh2 Nc7 22. Ng4 Rb7 23. Kf3 Rfb8 24. Kg3 Ne8 25. Kh4 a4 26. Rh3 Qd8 27. Rf3 Rc7 28. Re1 Rbb7 29. Rf4 Ra7 30. Re3 Rab7 31. Ref3 Ra7 32. Rg3 Rcb7 33. Ne3 Rd7 34. Rgf3 Rdb7 35. Nc2 Rd7 36. Nb4 Rdc7 37. Qe1 Rab7 38. Na6 Rc6 39. Nb4 Rcb6 40. Qg1 Re7 41. Qg4 Ra7 42. Nc2 Rd7 43. Ne3 Ra7 44. Qh3 Rab7 45. Ng4 Ra7 46. Nh2 Rab7 47. Qg4 Ra7 48. Nf1 Rab7 49. Kh3 Ra7 50. Ne3 Rab7 51. Nc2 Ra7 52. Rg3 Rab7 53. Ne1 Ra7 54. Rgf3 Rab7 55. Qg3 Ra7 56. Ng2 Rc7 57. Ne3 Ra7 58. Qh4 Rbb7 59. Qg4 Rb6 60. Rg3 Rd7 61. Rg1 Ra7 62. Rf3 Rab7 63. Rfg3 Ra7 64. f4 Rd7 65. Qf3 Nc7 66. Ng4 Ne8 67. Kh2 Kh8 68. R1g2 Ra6 69. Qe3 Rb6 70. Qd2 Ra6 71. Ne3 Nc7 72. Rf2 Rb6 73. Qc2 Ra6 74. Kh3 Rb6 (74... b4 $1 $14) 75. Kh4 Ra6 76. Ng4 Ne8 77. Nf6 Nxf6 78. exf6 Qc7 79. Re3 Ra8 80. Re5 Rg8 81. Rfe2 Rdd8 82. R2e3 Rgf8 83. Qe2 Qd7 84. Kg3 Kg8 (84... Ra8 $16 {was worth a try.}) 85. Qe1 (85. f5 $1 $18 exf5 86. Qf3) 85... Rc8 86. Kf3 Rc6 87. Qh4 Kh8 88. Qh3 Rg8 89. Kf2 Rb6 90. Qf3 Rc6 91. Kg3 Rb6 92. Kh4 Ra6 93. Re1 Rb6 94. R5e2 Ra6 95. Qe3 Rb6 96. Qg3 Ra6 97. Rf2 Rb6 98. Re5 Ra6 99. Ree2 Rb6 100. Qe3 Ra6 101. Qe5 (101. Kg3 $16) 101... Qd6 $1 $11 102. Qe3 ({White should play} 102. Kg3 $11) 102... Qd7 $1 $16 103. Kg3 Rc6 104. Qe5 (104. Rg2 $16) 104... Qd6 $14 105. Qe3 Qd7 $1 106. Qd2 Rb6 107. Re5 Ra6 108. Kf3 Rb6 (108... Rb8 $11 {should be considered.}) 109. Ke2 (109. Qe3 $1 $14) 109... Ra6 110. Qc2 Rb6 111. Ke1 Ra6 112. Rfe2 Rb6 113. Qd2 Ra6 114. Rg2 Rb6 115. Qf2 Ra6 116. Qh4 Rb6 117. Kf1 Ra6 118. Rge2 Rb6 119. Qg4 Ra6 120. R5e3 Rb6 121. Rg3 Rc6 122. Qf3 Rb6 123. Qe3 Ra6 124. Qe5 Qd6 125. Qxd6 Rxd6 126. Re5 Rgd8 127. Kf2 Kg8 128. Rge3 Kf8 129. Kf3 Rc8 130. Re1 Ra8 131. R5e2 Rc8 132. Kg4 Rcd8 133. Kh4 Rc8 134. f5 (134. Rf2 $11) 134... gxf5 $15 135. g6 ({White should try} 135. Rf1 $15) 135... fxg6 $19 136. Rxe6 Rxe6 137. Rxe6 {[%emt 0:00:01] [#]} Re8 $1 138. Rb6 {[%emt 0:00:15] [#]} (138. Rd6 $142 Re4+ 139. Kg3) 138... Re4+ $1 $19 139. Kg3 Kf7 140. Rxb5 Kxf6 141. Rxd5 Re2 (141... g5 $17 {And now ...Re3+ would win.} 142. Rc5 Re3+ 143. Kf2 f4) 142. Rd7 $11 Rxb2 143. Rxh7 Rb3 144. Ra7 Rxc3+ 145. Kg2 Rb3 146. h7 Rb8 (146... Rxa3 147. h8=Q+ Kg5 148. Ra6 Ra2+ 149. Kf3 Ra3+ 150. Ke2 Ra2+ 151. Ke3 Ra3+ 152. Kd2 Ra2+ 153. Kc3 $18) 147. Rxa4 Rh8 (147... c3 {keeps more tension.} 148. Rc4 Rh8 149. Rc7 c2) 148. Rxc4 (148. Ra7 {is more complex.} c3 149. Rc7 c2 150. a4) 148... Rxh7 149. a4 Ra7 150. Kf3 Ra5 151. Rb4 g5 152. Rb6+ Ke7 153. Rb5 Rxb5 154. axb5 Kd6 155. Kg3 Kd5 156. Kf3 g4+ (156... Kxd4 {leads to mate.} 157. b6 Ke5 158. b7 g4+ 159. Kg3 Ke6 160. b8=Q (160. b8=B Kf7 $11) 160... Kd5 161. Qf4) 157. Kf4 Kd6 158. Kg3 Kd5 159. Kf4 Kd6 160. Kg3 Kd5 161. Kf4 1/2-1/2

[Event "CCT Airthings Masters Play-In 2023"]
[Site "Online"]
[Date "2023.02.03"]
[Round "2"]
[White "Parhamov"]
[Black "Alexandr_Predke"]
[Result "1/2-1/2"]
[ECO "D02"]
[WhiteElo "2641"]
[BlackElo "2494"]
[Annotator "TA"]
[PlyCount "104"]
[EventDate "2023.02.03"]
[EventType "swiss"]
[EventCountry "NET"]
[SourceTitle "playchess.com"]
[Source "ChessBase"]
[SourceQuality "1"]
[TimeControl "600+2"]

1. d4 Nf6 2. c3 d5 3. Nf3 c6 4. Qc2 g6 5. Bf4 Bf5 {[%emt 0:00:01] [#]} 6. Qc1 $146 {[%emt 0:00:01] D02: 1 d4 d5 2 Nf3 sidelines, including 2...Nf6 3 g3 and 2...Nf6 3 Bf4.} (6. Qb3 $5 ) ({Predecessor:} 6. Qb3 Qb6 7. h3 Bg7 8. e3 Nbd7 9. Nbd2 O-O 10. Be2 Ne4 11. Nxe4 Bxe4 12. O-O {½-½ Tabatabaei,M (2655)-Deac,B (2700) Speed Chess Q2 blitz 2022 (6)}) 6... Nbd7 7. h3 h6 8. e3 g5 9. Bh2 Bg7 10. c4 Ne4 11. Nc3 Qa5 12. Nd2 Nxd2 13. Qxd2 e5 14. cxd5 exd4 15. exd4 cxd5 (15... O-O $11) 16. Be2 O-O 17. O-O (17. h4 $5 ) 17... Rfe8 18. a3 Rac8 19. Rad1 Nb6 20. Rfe1 (20. Be5 $14) 20... Re6 {[%emt 0:00:23] [#]} (20... Na4 $11) 21. Be5 $1 $14 Bxe5 22. dxe5 Rxe5 {[%emt 0:00:21] [#]} ({Black should play} 22... Nc4 $14 23. Bxc4 (23. Qxd5 Qxd5 24. Nxd5 Nxe5 $14) 23... dxc4) 23. f4 (23. b4 $1 $16 Qxa3 24. Nb5 Rxe2 25. Qxe2 Qxb4 26. Nxa7) 23... Qc5+ $15 24. Kh1 gxf4 25. Qxf4 Qe3 {[%emt 0:00:03] Dodges Qg3+} 26. Qf1 Rce8 $1 {[%emt 0:00:19] Threatens to win with ...d4.} 27. Kh2 $1 {[%emt 0:00:18] Black must now prevent Bb5.} Qg5 28. Rd4 Re3 29. Qf2 (29. Red1 $15) 29... Bg6 $36 {[%emt 0:00:06][%mdl 2048] Keeping White busy.} 30. Kg1 {[%emt 0:00:57] [#]} Qe5 $1 (30... Rxh3 $2 31. Rg4 Qe3 32. gxh3 $18) 31. Qf4 Qxf4 32. Rxf4 {[%emt 0:00:01] [#]} Nc4 $1 33. Nxd5 Rxe2 34. Rxe2 Rxe2 35. Rxc4 Rxb2 {[%emt 0:00:04][%mdl 4096] Endgame KRB-KRN} 36. h4 h5 37. g4 hxg4 (37... Kg7 $17 38. g5 Rb3) 38. h5 $1 $11 Bd3 39. Rxg4+ Kh7 {[%emt 0:00:02] And now ...Kh6 would win.} 40. Rf4 (40. Nf6+ $1 $11 Kh6 41. Ng8+ Kxh5 42. Nf6+ Kh6 43. Ng8+ Kh7 44. Nf6+ Kh6 45. Ng8+ Kh7 46. Nf6+ Kh6) 40... Kh6 ({Better is} 40... Rb1+ 41. Kh2 Rf1 42. Rxf1 Bxf1) 41. Rxf7 Bc4 ({But not} 41... Kxh5 42. Nf4+ Kg5 43. Nxd3 $11) ({Black should try} 41... Rb1+ $17 42. Kh2 Be4) 42. Rf5 Bxd5 43. Rxd5 {[%emt 0:00:00] KR-KR. The position is equal.} b5 44. Kf1 a5 45. a4 bxa4 {[%emt 0:00:02] ( -> ...a3)} 46. Rxa5 Ra2 47. Ke1 a3 (47... Rg2 {simplifies} 48. Rxa4 Kxh5 49. Ra5+ Kg4) 48. Kd1 Ra1+ 49. Kc2 a2 50. Kb2 Rh1 51. Kxa2 Rxh5 52. Rxh5+ Kxh5 {[%emt 0:00:00] Whites escaped into a draw.   Weighted Error Value: White=0.16 (very precise) /Black=0.14 (very precise)} 1/2-1/2

[Event "CCT Airthings Masters Play-In 2023"]
[Site "Online"]
[Date "2023.02.03"]
[Round "2"]
[White "Oleksandr_Bortnyk"]
[Black "Iniyan, P."]
[Result "1/2-1/2"]
[ECO "D00"]
[WhiteElo "2637"]
[BlackElo "2514"]
[Annotator "TA"]
[PlyCount "146"]
[EventDate "2023.02.03"]
[EventType "swiss"]
[EventCountry "NET"]
[SourceTitle "playchess.com"]
[Source "ChessBase"]
[SourceQuality "1"]
[TimeControl "600+2"]

1. d4 Nf6 2. Nc3 d5 3. Bf4 e6 4. Nb5 Na6 5. e3 Be7 6. h3 {[%emt 0:00:01] D00: 1 d4 d5: Unusual lines.} O-O 7. Nf3 Bd7 8. Ne5 Be8 {[%emt 0:00:03] [#]} 9. a3 $146 (9. Be2 $11) ({Predecessor:} 9. a4 c6 10. Nc3 c5 11. Bxa6 bxa6 12. O-O Qb6 13. Rb1 a5 14. b3 Rc8 15. Ne2 {0-1 Hector,J (2524)-Blomqvist,E (2483) Vaxjo Visma GM 2013 (7)}) 9... c5 {[%emt 0:00:04] And now ...Bxb5 would win.} 10. Nc3 Qb6 11. Rb1 Rc8 12. Be2 Qd8 13. O-O c4 14. Bf3 b5 15. e4 (15. b3 $11) 15... Nc7 (15... dxe4 $15 16. Bxe4 (16. Nxe4 Nd5 $17) 16... Nxe4 17. Nxe4 Nc7) 16. Re1 (16. exd5 $11 {keeps the balance.} Nfxd5 17. Bd2) 16... b4 (16... dxe4 $1 $17 17. Bxe4 (17. Nxe4 $2 Nfd5 $19) 17... Nxe4 18. Nxe4 Nd5) 17. axb4 $11 Bxb4 18. Bg5 {[%emt 0:00:23] exd5 would be deadly.} h6 19. Bxf6 {[%emt 0:02:08][%mdl 64] Remove Defender} gxf6 20. Ng4 Bxc3 21. bxc3 dxe4 22. Bxe4 (22. Nxh6+ $6 Kg7 23. Rxe4 f5 24. Nxf5+ exf5 $11) 22... f5 $2 {[%emt 0:00:06] [#]} (22... Kg7 23. Qd2 Rh8) 23. Bxf5 $1 Kg7 $16 {[%emt 0:00:41] [#]} 24. Qd2 {[%emt 0:01:59] White is more active.} (24. Be4 $142 $1) 24... Rh8 {[%emt 0:00:17] [#]} (24... Qg5 $16 25. Qxg5+ hxg5) 25. Ne3 $1 $18 exf5 26. Nxf5+ (26. Nxc4 Nb5 27. Qd3 f4 $15) 26... Kf8 27. Ne7 $1 {[%emt 0:00:01] Hoping for d5.} (27. Nxh6 Nd5 $11) 27... Nd5 $2 (27... Ra8 28. Qf4 Nd5) 28. Nxc8 Qxc8 29. Re5 $2 (29. Qe2 $18 Nb6 30. Qe7+ Kg7 31. Qxa7) 29... Bc6 $16 30. Rbe1 (30. Rh5 $16 Kg7 31. Qe2) 30... Qd8 $14 31. Qe2 Rg8 $1 32. g3 (32. Qxc4 $2 Rxg2+ 33. Kf1 Qh4 $19) 32... Nf4 (32... Nb6 $14) 33. Qxc4 $16 Nxh3+ 34. Kh2 {[%emt 0:00:01] Chess con chili.} Bd7 (34... Nxf2 $16 35. Qc5+ (35. Qxc6 Qh4+ 36. gxh4 Ng4+ 37. Kg1 Nxe5+ $16) 35... Kg7) 35. Qd5 (35. Re7 $142 Ng5 36. Qd5 Qxe7 37. Rxe7 Kxe7 38. Qc5+ Kf6 39. Qe5+ (39. Qxa7 Nf3+ 40. Kg2 Bg4 $11) 39... Kg6 40. Qd6+ {[%mdl 64] Skewer, Double Attack} Be6 41. d5 {[%mdl 64] Pin}) 35... Qf6 $18 36. f4 $36 {[%emt 0:00:05][%mdl 2048] White is on the roll.} (36. Qxd7 Qxf2+ 37. Kh1 Qf3+ 38. Kh2 Qxg3+ 39. Kh1 Qg2#) 36... Qg6 37. R1e3 (37. Qxd7 $2 Qxg3+ 38. Kh1 Qg2#) ({Only move:} 37. R5e3 $18 Bg4 38. Re8+ Kg7 39. Rxg8+ Kxg8 40. Re8+ Kh7 41. Qe4) 37... Qxc2+ (37... Nxf4 $1 $11 38. Qxd7 (38. Qc5+ $2 Kg7 $19) 38... Qxc2+ 39. Re2 Nxe2 40. Qe7+ (40. Qxa7 $2 Nf4+) 40... Kg7 41. Rxe2 Qf5) 38. Re2 $14 Qg6 39. R2e3 (39. Qxd7 $2 Qxg3+ 40. Kh1 Qg1#) (39. R5e3 $14 Bg4 40. Re8+ (40. f5 Qf6 $11) 40... Kg7 41. Rxg8+ Kxg8 42. Re8+ Kh7 43. Qe4) 39... Bg4 (39... Qc2+ $11 40. Re2 Qg6) 40. f5 ({White should play} 40. Re8+ $14 Kg7 41. Rxg8+ Kxg8 42. Re8+ Kh7 43. Qe4) 40... Qb6 $2 (40... Qf6 $11) 41. Qc5+ $2 ({Stronger than} 41. Re7 Ng5 42. Qc5 (42. Rb7 Qf6 $17) 42... Kg7 43. Qxb6 axb6 $17) (41. Re8+ $1 $18 Kg7 42. Rxg8+ Kxg8 43. Re8+ Kg7 44. Qe5+ Qf6 45. Rg8+ {[%mdl 64] Skewer, Deflection} Kxg8 46. Qxf6) 41... Qxc5 $4 (41... Kg7 $15 {stays ahead.} 42. Qxb6 axb6) 42. dxc5 {[%emt 0:00:01] White threatens f6 and mate.} Kg7 {[%emt 0:00:02] [#]} (42... Rg5 $142) 43. c6 $2 ({White must play} 43. Re8 $1 $18) 43... Rc8 $11 44. Rc5 Ng5 {[%emt 0:00:01] Repels Re4. Black wants to play ...Kf6.} 45. Kg2 $2 {[%emt 0:00:01] [#]} (45. c7 $11 {and White has nothing to worry.}) 45... Kf6 $1 $19 46. Re1 Bf3+ ({Don't do} 46... Bxf5 47. Rf1 $16) 47. Kh2 Bxc6 {[%emt 0:00:01] Strongly threatening ...Nf3+.} 48. Ra1 (48. Re3 {was called for.}) 48... Bd7 $2 (48... Nf3+ $19 49. Kh3 Ne5) 49. Rxc8 $11 Bxc8 50. g4 a6 51. Ra4 (51. c4 $11 {remains equal.}) 51... Nf3+ ({Better is} 51... Bb7 $17 52. Rc4 Bd5) 52. Kg3 Ne5 53. Kh4 (53. Kf4 $5 ) 53... Nc6 54. Kh5 a5 55. Kxh6 {[%emt 0:00:02] The position is equal.} Ba6 56. c4 Bc8 57. Ra1 Ne5 58. g5+ Kxf5 59. Rxa5 Be6 60. c5 {[%emt 0:00:02] c6 is the strong threat.} Ke4 61. Ra6 Kd5 62. Ra5 Nc6 63. Ra1 Bf5 64. Rc1 Bg6 65. Kg7 Nd4 66. Kf6 Kc6 67. Ra1 Ne2 68. Ra7 Kxc5 69. Rxf7 Bxf7 70. Kxf7 Nf4 71. Kf6 (71. g6 $5 Nh5 72. Kg8 $11) 71... Kd4 72. Kf5 Ke3 73. g6 Nxg6 {[%emt 0:00:00][%mdl 64] Deflection. An interesting game.   Weighted Error Value: White=0.63/Black=0.45} 1/2-1/2

[Event "CCT Airthings Masters Play-In 2023"]
[Site "Online"]
[Date "2023.02.03"]
[Round "2"]
[White "VincentKeymer"]
[Black "Rakhmanov_Aleksandr"]
[Result "1/2-1/2"]
[ECO "D34"]
[WhiteElo "2636"]
[BlackElo "2484"]
[Annotator "TA"]
[PlyCount "153"]
[EventDate "2023.02.03"]
[EventType "swiss"]
[EventCountry "NET"]
[SourceTitle "playchess.com"]
[Source "ChessBase"]
[SourceQuality "1"]
[TimeControl "600+2"]

1. Nf3 d5 2. e3 e6 3. c4 Nf6 4. Nc3 a6 5. b3 c5 6. cxd5 exd5 7. g3 Nc6 8. Bg2 Be7 9. O-O O-O 10. d4 Bg4 11. dxc5 Bxc5 12. Bb2 Re8 13. h3 {[%emt 0:00:14] D34: Tarrasch Defence: 6 g3 Nf6 7 Bg2 Be7.} Bh5 (13... Be6 $11 {is more appropriate.}) 14. Ne2 $16 {[%emt 0:00:25] [#]} Bxf3 $146 ({Predecessor:} 14... Ne4 15. Nf4 Bxf3 16. Qxf3 d4 17. Rad1 Ng5 18. Qe2 Qa5 19. Bxc6 bxc6 20. Bxd4 Bd6 {1-0 Haast,M (2356)-Adrian,C (2267) Metz 4th 2018 (7)}) 15. Bxf3 {[%emt 0:00:04] White is slightly better.} Ne5 (15... Qe7 $14) 16. Bg2 {[%emt 0:00:08] A strong pair of Bishops.} Qb6 (16... Qe7 $16) 17. Rc1 (17. Bxd5 $2 Rad8 18. e4 Nxe4 19. Bxe4 Rxd1 20. Raxd1 Ng4 21. hxg4 Rxe4 $19) 17... Rad8 18. Qc2 {[%emt 0:00:32] Inhibits Ne4.} Ned7 19. Bxf6 Qxf6 20. Bxd5 b6 21. Nf4 Ne5 22. Rfd1 Ng6 23. Qc4 Nxf4 24. Qxf4 Qxf4 25. gxf4 a5 26. Kg2 g6 27. Bc6 Rf8 28. Bd7 {[%emt 0:00:04] White is more active.} f5 29. Rd5 Kg7 30. Rcd1 Rf6 31. R1d3 (31. h4 $16) 31... Kf8 $14 32. h4 Ke7 33. Re5+ Kf8 34. Bxf5 {[%emt 0:00:02][%mdl 64] Discovered Attack} Rfd6 35. Rxd6 Bxd6 $11 {[%emt 0:00:00][%mdl 4096] Endgame KRB-KRB} 36. Rb5 Bc5 37. Be6 Rd2 38. Kf3 Rxa2 39. f5 Rd2 40. fxg6 hxg6 41. Bg4 Ke7 42. h5 gxh5 43. Bxh5 Kd7 44. Bf7 Kc6 45. Be8+ Kd6 46. Kg3 Rd1 47. Bh5 Rg1+ 48. Kf4 $2 {[%emt 0:00:04] [#]} (48. Kh2 $1 $11 {and White has nothing to worry.} Rg5 49. Be2) 48... Rf1 $2 ({Better is} 48... Rg2 $1 $19 49. Bg4 Rxf2+ 50. Kg3 Rf8) 49. f3 (49. Kf3 $11) 49... Rh1 $15 {[%emt 0:00:03][%mdl 1024] Black has compensation.} 50. Bg6 Rh6 51. Bd3 Kc6 (51... Rh8 $15) 52. e4 $11 Rd6 53. Bc4 Rd4 {[%emt 0:00:01][%cal Oa5a4] ...a4! would be deadly.} 54. Ke5 $2 {[%emt 0:00:05][%mdl 8192] [#]} (54. Be2 $11) 54... a4 $1 $19 {[%emt 0:00:04][%mdl 576] Deflection} 55. bxa4 Rxc4 {[%emt 0:00:01] KRB-KR} 56. f4 Rxa4 57. Rb1 Ra8 {[%emt 0:00:01] Hoping for ...Bd6+.} 58. Rc1 $2 (58. f5) 58... Re8+ 59. Kf5 Rf8+ 60. Kg5 b5 61. e5 b4 62. f5 Kd5 63. Kf4 {[%emt 0:00:05] Against Be3+} Rh8 (63... b3 $142 64. Rb1 Rb8 65. Rh1 Bd4 66. e6 b2 67. Rb1 Rc8 68. e7 Re8 69. f6 Bxf6 70. Kf5 Bd4 71. Kg5 Rxe7 72. Kg4 Rg7+ 73. Kf3 Rg1 74. Rxb2 Bxb2 75. Ke3 Be5 76. Kd2 Rg3 77. Kd1 Bf4 78. Ke2 Ke4 79. Ke1 Kf3 80. Kd1 Rg2 81. Ke1 Rg1#) 64. Rd1+ Bd4 65. f6 b3 66. f7 {[%emt 0:00:02] [#]} Rf8 $2 ({Black should try} 66... b2 $1 $19 {( -> ...Rf8)} 67. Kf5 Kc6) 67. e6 $1 $11 {[%emt 0:00:01][%mdl 64] Deflection. The position is equal.} Kxe6 (67... b2 {is more complex.} 68. Kf5 Kc4 69. Rb1 Kb3) 68. Rxd4 Rxf7+ {[%emt 0:00:03] KR-KR} 69. Ke3 Rb7 70. Rd1 Ke5 (70... b2 $5 71. Rb1 $8 Kd5 $11) 71. Rb1 Rh7 72. Kd3 Rh3+ 73. Kc4 Rh4+ 74. Kxb3 Re4 75. Rc1 Rd4 76. Rc4 Rxc4 77. Kxc4 {[%emt 0:00:00] And White is the lucky defender.   Weighted Error Value: White=0.50/Black=0.23 (precise)} 1/2-1/2

[Event "CCT Airthings Masters Play-In 2023"]
[Site "Online"]
[Date "2023.02.03"]
[Round "2"]
[White "Durarbayli, Vasif"]
[Black "SharapovEvgeny"]
[Result "1-0"]
[ECO "B63"]
[WhiteElo "2635"]
[BlackElo "2130"]
[Annotator "TA"]
[PlyCount "103"]
[EventDate "2023.02.03"]
[EventType "swiss"]
[EventCountry "NET"]
[SourceTitle "playchess.com"]
[Source "ChessBase"]
[SourceQuality "1"]
[TimeControl "600+2"]

1. e4 c5 2. Nf3 d6 3. d4 cxd4 4. Nxd4 Nf6 5. Nc3 Nc6 6. Bg5 e6 7. Qd2 Be7 8. O-O-O O-O 9. Nb3 Qb6 10. f3 Rd8 11. g4 {[%emt 0:00:15] B63: Sicilian: Richter-Rauzer: 7...Be7 and unusual Black 7th moves.} d5 {[%emt 0:00:13] And now ...dxe4 would win.} 12. exd5 (12. Be3 $5 Qc7 13. Qg2 $11) 12... Nxd5 13. Bxe7 {[%emt 0:00:02] The position is equal.} Ndxe7 14. Bd3 e5 {[%emt 0:00:15] [#]} (14... Bd7 {seems wilder.} 15. Qg5 a5 16. Be4 a4) 15. Kb1 $146 ({Predecessor:} 15. Qe2 Be6 16. Na4 Qc7 17. Nac5 Bxb3 18. Nxb3 a5 19. Qe4 Ng6 20. Bb5 Na7 21. Rxd8+ Rxd8 {½-½ Negi,P (2316)-Kosintseva,N (2460) Moscow Aeroflot op-B 2005 (3)}) 15... Be6 16. Na4 Qc7 17. Nac5 Bxb3 (17... Bd5 $5 18. Qe3 Nb4 $15) 18. axb3 Nd4 19. Ne4 (19. Qb4 $2 a5 20. Qa3 b5 $19) 19... a5 (19... Nxf3 20. Qf2 Nd4 21. Ng5 $14) (19... Nd5 {is more complex.} 20. Nc3 Nb4 21. Qe3 Rac8) 20. Qc3 (20. Nc3 $1 $11) 20... Qxc3 (20... Qd7 $15 {stays ahead.} 21. Qc5 b6 22. Qxe5 a4) 21. bxc3 $16 Ndc6 22. Bc4 Rxd1+ 23. Rxd1 Rd8 24. Re1 {[%emt 0:00:53] White is more active.} ({White should play} 24. Rxd8+ $16 Nxd8 25. Kb2) 24... h6 (24... b6 $14 {is more appropriate.}) 25. h4 Kf8 26. h5 (26. Nc5 $5 ) 26... b6 27. g5 Nf5 28. Bb5 Nce7 29. Kb2 Nd6 30. Rd1 (30. gxh6 $5 gxh6 31. Bd3 $11 (31. Nxd6 Rxd6 32. b4 axb4 $11)) 30... Nc4+ {[%emt 0:00:06][%mdl 64] [#] Discovered Attack} 31. Kc1 $1 (31. bxc4 $2 {loses.} Rxd1 32. gxh6 gxh6 $19) 31... Rxd1+ 32. Kxd1 $11 {[%emt 0:00:00][%mdl 4096] Endgame KBN-KNN} Ne3+ 33. Kd2 {[%emt 0:00:47] aiming for gxh6.} N3d5 $1 34. gxh6 gxh6 35. Bd7 Nf4 36. Ng3 Ng8 37. Bg4 Nf6 38. c4 Ke7 39. Nf5+ Kf8 40. Ng3 Ke7 41. Ke3 Kd8 42. c3 Kc7 43. Nf5 N4xh5 (43... Ng8 $11) 44. Nxh6 $14 Nxg4+ {[%emt 0:00:10][%mdl 8192] This move loses the game for Black.} (44... Ng7 $14) 45. fxg4 $11 {[%emt 0:00:01][%cal Bf3g4,Bg4g5,Bg5g6,Bg6g7][%mdl 32] KN-KN} Nf6 46. g5 ({Stronger than} 46. Nxf7 Nxg4+ 47. Ke4 Nf2+ 48. Ke3 (48. Kxe5 Nd3+ 49. Kd5 Nc1 $11) 48... Ng4+ 49. Ke2 Kc6 $11) 46... Nd7 47. Nxf7 Nc5 48. g6 {[%emt 0:00:02] [#] Threatening mate with g7.} Ne6 49. Ke4 Kd7 50. Kxe5 Ke7 51. Nh6 Nc5 52. g7 {[%emt 0:00:02] Weighted Error Value: White=0.25 (precise) /Black=0.42} 1-0

[Event "CCT Airthings Masters Play-In 2023"]
[Site "Online"]
[Date "2023.02.03"]
[Round "2"]
[White "wonderfultime"]
[Black "MikaelyanArman"]
[Result "1-0"]
[ECO "D02"]
[WhiteElo "2635"]
[BlackElo "2467"]
[Annotator "TA"]
[PlyCount "79"]
[EventDate "2023.02.03"]
[EventType "swiss"]
[EventCountry "NET"]
[SourceTitle "playchess.com"]
[Source "ChessBase"]
[SourceQuality "1"]
[TimeControl "600+2"]

1. d4 d5 2. Nf3 Nf6 3. Bf4 c5 4. c3 e6 5. e3 Bd6 6. Nbd2 {[%emt 0:00:01] D02: 1 d4 d5 2 Nf3 sidelines, including 2...Nf6 3 g3 and 2...Nf6 3 Bf4.} O-O {[%emt 0:00:19] 6...0-0 scores better than 6...Qc7.} 7. Bd3 Bxf4 8. exf4 {[%emt 0:00:02] The position is equal.} b6 9. Qe2 a5 10. O-O Ba6 11. Bxa6 Nxa6 12. Rfe1 Qd6 13. g3 {[%emt 0:00:03] [#]} cxd4 $146 ({Predecessor:} 13... Nb8 14. Ne5 cxd4 15. cxd4 Nc6 16. Ndf3 Rfc8 17. Rac1 h6 18. Qb5 Ne7 19. a3 Rc7 20. Rxc7 Qxc7 21. Qe2 {½-½ Sadhwani,R (2545)-Demchenko,A (2641) PNWCC Online blitz JP 18th 2020 (8)}) 14. Nxd4 Rfe8 15. Rad1 Nc5 16. Nf1 Nfe4 17. Ne3 a4 (17... Nf6 $14) 18. a3 (18. c4 $16) 18... h6 19. c4 {[%emt 0:00:05] And now cxd5 would win. White now steadily converts the win.} dxc4 20. Nxc4 Qc7 {[%emt 0:00:09] [#]} 21. Nb5 $1 Qe7 22. Rd4 (22. Nxb6 $6 Rab8 $11) 22... Nf6 23. Nxb6 {[%emt 0:00:09] White is more active.} Rad8 {[%emt 0:00:24] [#]} (23... Ra6 $16) 24. Red1 $1 $18 (24. Nxa4 $2 Rxd4 25. Nxd4 Nxa4 $19) 24... Rxd4 25. Rxd4 (25. Nxd4 $6 Qb7 26. Nc4 Rd8 $16) 25... e5 (25... Rd8 {keeps fighting.}) 26. fxe5 Qxe5 27. Qxe5 Rxe5 28. Nc3 {[%emt 0:00:03] Prevents Re2.} ({Inferior is} 28. Nxa4 Nxa4 29. Rxa4 Rxb5 30. Ra8+ Kh7 $17) 28... Nb3 29. Rd8+ (29. Rxa4 g6 30. Ra8+ Kg7 $18) 29... Kh7 30. Nbxa4 ({Much less strong is} 30. Ncxa4 $6 Re2 31. Nc4 Ne4 $18) 30... h5 31. h3 g5 32. Nb6 Re1+ 33. Kg2 g4 34. hxg4 hxg4 35. Nbd5 Nxd5 36. Nxd5 ({Don't do} 36. Rxd5 Kg6 37. Nd1 Re4 38. Rd6+ f6 $18) 36... Kg7 37. Ne3 {[%emt 0:00:03] Wards off Rd1} Re2 38. Nxg4 Rxb2 (38... Re1 $142 39. Ne3 Ra1) 39. Rb8 Rb1 40. a4 {[%emt 0:00:03] Weighted Error Value: White=0.04 (flawless) /Black=0.19 (very precise)} 1-0

[Event "CCT Airthings Masters Play-In 2023"]
[Site "Online"]
[Date "2023.02.03"]
[Round "2"]
[White "vladislavkovalev"]
[Black "titan013"]
[Result "0-1"]
[ECO "C42"]
[WhiteElo "2632"]
[BlackElo "2453"]
[Annotator "NA"]
[PlyCount "136"]
[EventDate "2023.02.03"]
[EventType "swiss"]
[EventCountry "NET"]
[SourceTitle "playchess.com"]
[Source "ChessBase"]
[SourceQuality "1"]
[TimeControl "600+2"]

1. e4 e5 2. Nf3 Nf6 3. Nc3 Bb4 4. Nxe5 O-O 5. Nd3 Bxc3 6. dxc3 Nxe4 7. Be2 Re8 8. O-O d6 9. Re1 Nd7 10. f3 Nec5 11. b3 b6 12. Bb2 Bb7 13. Qd2 a5 14. Bf1 Qh4 15. Qf4 Qxf4 16. Nxf4 Rxe1 17. Rxe1 a4 18. c4 axb3 19. axb3 Ra2 20. Rb1 Kf8 21. Ne2 Ra8 22. Nc3 Nf6 23. Kf2 Ne6 24. Ra1 Rxa1 25. Bxa1 g5 26. Nb5 Ke7 27. Bd3 h6 28. Bf5 Ne8 29. Bb2 Bc6 30. Ke3 Bd7 31. Bd3 Nf4 32. Bf1 Bf5 33. Nd4 Bd7 34. g3 Ng6 35. Bd3 Ne5 36. Nf5+ Bxf5 37. Bxf5 Ng7 38. Bh3 Nh5 39. Bc3 Nf6 40. Bf5 Ne8 41. f4 gxf4+ 42. Kxf4 Kf6 43. Bh3 Ng7 44. Ke4 Ne6 45. Kd5 Ng5 46. Bg4 c6+ 47. Kxd6 Ne4+ 48. Kc7 Nxc3 49. Bh3 b5 50. cxb5 Nxb5+ 51. Kb6 Nd4 52. c3 Nxb3 53. Bg2 c5 54. Bd5 c4 55. Kb5 Nd2 56. Kc5 Nef3 57. h3 Ng5 58. Kd4 Nxh3 59. Ke3 Nf1+ 60. Ke2 Nxg3+ 61. Kf3 Nf5 62. Bxc4 Ng5+ 63. Kf4 Ne6+ 64. Kf3 Ke5 65. Bd3 h5 66. Bf1 Ng5+ 67. Kf2 h4 68. c4 Kd4 0-1